 Dungeon Crawl Stone Soup version 0.29.1-12-g30fa7ad0bf (webtiles) character file.

Game seed: 14964554260594325998

421 croobank the Sneak (level 6, -3/52 HPs)
             Began as a Demigod Delver on Jan 3, 2023.
             Splashed by a jelly's acid (10 damage)
             ... on level 5 of the Dungeon.
             The game lasted 00:16:10 (6536 turns).

croobank the Sneak (Demigod Delver)                 Turns: 6536, Time: 00:16:11

Health: -3/52      AC: -1    Str: 17    XL:     6   Next: 35%
Magic:  10/10      EV: 12    Int: 16    God:
Gold:   226        SH:  0    Dex: 15    Spells: 6/7 levels left

rFire   . . .      SeeInvis .   n - +1 dagger (flame)
rCold   + . .      Faith    .   (no shield)
rNeg    . . .      Spirit   .   b - +0 leather armour
rPois   +          Reflect  .   (no helmet)
rElec   .          Harm     .   (no cloak)
rCorr   .          Rampage  .   (no gloves)
Will    .....                   (no boots)
Stlth   +++.......              (no amulet)
HPRegen 0.17/turn               k - ring of protection from cold
MPRegen 0.12/turn               q - ring of poison resistance

@: corroded, hasted, very quick
A: high MP 1, forlorn, divine attributes
a: no special abilities


You were on level 5 of the Dungeon.
You visited 1 branch of the dungeon, and saw 6 of its levels.

You collected 226 gold pieces.

Inventory:

Hand Weapons
 a - a +0 hand axe
 n - a +1 dagger of flaming (weapon)
 A - a +0 trident
Armour
 b - a +0 leather armour (worn)
 p - a +0 ring mail
Magical Staves
 B - a staff of earth
Jewellery
 k - a ring of protection from cold (left hand)
 q - a ring of poison resistance (right hand)
 y - a ring of ice
Wands
 g - a wand of digging (3)
 j - a wand of flame (22)
 l - a wand of acid (3)
 m - a wand of polymorph (9)
Scrolls
 c - a scroll of fog
 d - a scroll of magic mapping
 e - 3 scrolls of fear
 h - 3 scrolls of blinking
 i - a scroll of teleportation
Potions
 f - 2 potions of lignification
 o - a potion of invisibility
 r - 2 potions of curing
 s - 2 potions of ambrosia
 t - 2 potions of brilliance
 v - a potion of mutation
 w - a potion of flight {unknown}
 z - 2 potions of heal wounds {unknown}


   Skills:
 * Level 4.0 Fighting
 * Level 3.2 Axes
 * Level 3.3 Dodging
 * Level 5.5 Stealth
 + Level 1.2 Spellcasting
 + Level 1.3 Translocations


You had 6 spell levels left.
You knew the following spells:

 Your Spells              Type           Power      Damage    Failure   Level
a - Apportation           Tloc           10%        N/A       16%         1

Your spell library contained the following spells:

 Spells                   Type           Power      Damage    Failure   Level
 Alistair's Intoxication  Tmut/Pois      0%         N/A       100%        5


Dungeon Overview and Level Annotations

Branches:
Dungeon (6/15)
 Temple: D:4-7

Shops:
D:1 (   D:5 (


Innate Abilities, Weirdness & Mutations

You have an increased reservoir of magic. (+10% MP)
You shall have no god before yourself.
Your divine heritage dramatically boosts your attributes as you level up.


Message History

You kill the ogre!
Your life force feels restored.
Your Fighting skill increases to level 4!
You start resting.
A black bear comes into view.
Aiming: Corrosive Bolt
Press: ? - help, Shift-Dir - straight line, f - black bear
Aim: a black bear (79% to hit)
The bolt of acid misses the black bear.
The black bear bites you but does no damage.
The black bear closely misses you. The black bear claws you.
A jelly comes into view.
Throw: dart (atropa)
Press: ? - help, Q - select action, (/) - cycle Shift-Dir - straight line, f/p - black bear
Aim: a black bear (68% to hit, chance to blind on hit: 44%)
You throw an atropa-tipped dart.
The atropa-tipped dart hits the black bear.
The black bear appears confused.
The black bear barely misses you. x3
Aiming: Corrosive Bolt
Press: ? - help, Shift-Dir - straight line, f - jelly, p - black bear
Aim: a jelly (100% to hit)
The bolt of acid hits the black bear!
The acid corrodes the black bear!
The black bear is heavily wounded.
The bolt of acid hits the jelly.
The jelly completely resists.
The black bear seems less confused.
The black bear bites you. The black bear barely misses you.
The black bear claws you.
* * * LOW HITPOINT WARNING * * *
An orc comes into view. It is wielding a +0 whip.
A gnoll comes into view. It is wielding a +0 flail.
You feel yourself speed up.
The black bear is no longer blind.
The black bear bites you.
* * * LOW HITPOINT WARNING * * *
The black bear barely misses you. The black bear claws you.
* * * LOW HITPOINT WARNING * * *
An orc comes into view. It is wielding a +0 short sword.
The jelly hits you.
* * * LOW HITPOINT WARNING * * *
The acid corrodes you!
You are splashed with acid!
You die...

####...........#
.......
####...........#
.......
##.............#
......P
#..............#
##......~
#..............#
#).....
..............####.go#
..............###o.#
..............##Jh##
..............#.@##
................##
............##.##
............##.#
.......♣♣.♣♣##.#
.......♣P. #.#
......♣♣P~ #.†#
.....♣♣♣~ #...# ...♣♣♣
♣♣♣.#


You could see a black bear (corroded), a jelly, a gnoll and 2 orcs.

Vanquished Creatures
  An ogre (D:5)
  A necrophage (D:5)
  Ijyb (D:3)
  An iguana (D:5)
  An orc wizard (D:4)
  8 adders
  2 worms (D:3)
  2 dart slugs
  4 orcs
  13 endoplasms
  7 giant cockroaches
  5 goblins
  12 hobgoblins
  2 jackals (D:5)
  7 kobolds
  5 quokkas
  7 ball pythons
  3 bats
  3 frilled lizards
  4 rats
89 creatures vanquished.

Vanquished Creatures (others)
  An orc wizard (D:4)
  2 plants (D:5)
3 creatures vanquished.

Grand Total: 92 creatures vanquished

Notes
Turn   | Place    | Note
-------+----------+-------------------------------------------
     0 | D:5      | croobank the Demigod Delver began the quest for the Orb.
     0 | D:5      | Reached XP level 1. HP: 18/18 MP: 3/3
     2 | D:6      | Noticed a centaur
    99 | D:5      | Noticed a black bear
   273 | D:4      | Reached XP level 2. HP: 19/25 MP: 4/4
  1295 | D:1      | Found Zutya's Weapon Shoppe.
  1379 | D:1      | Reached XP level 3. HP: 24/31 MP: 5/5
  2354 | D:2      | Learned a level 1 spell: Apportation
  3074 | D:2      | Reached skill level 5 in Stealth
  3277 | D:2      | Reached XP level 4. HP: 35/38 MP: 6/6
  4015 | D:3      | Noticed Ijyb
  4330 | D:3      | Killed Ijyb
  4350 | D:3      | Found a large runed translucent door.
  4350 | D:3      | Found a large runed translucent door.
  4363 | D:3      | Reached XP level 5. HP: 42/45 MP: 8/8
  5532 | D:4      | Reached skill level 1 in Translocations
  6049 | D:5      | Reached skill level 1 in Spellcasting
  6361 | D:5      | Found Kiogiwk's Antique Weapon Emporium.
  6496 | D:5      | Noticed an ogre
  6502 | D:5      | Reached XP level 6. HP: 47/50 MP: 10/10
  6536 | D:5      | Splashed by a jelly's acid

Illustrated notes

Levels and vault maps discovered:
D:1:      dpeg_arrival_rooms_a, layout_basic, serial_shops, nicolae_shop_crystal
D:2:      layout_loops_cross, ebering_ecumenical_altar_hall, amethyst_killhole,
          kennysheep_potato
D:3:      layout_basic, jmf_multi_god_temple2, minmay_quadrilaterals, uniq_ijyb
D:4:      layout_basic, chequers_arboretum
D:5:      layout_cave_pods, mainiacjoe_overflow_six_doors_small, fedhas_altar_2,
          serial_bayou, serial_bayou_shore_a, serial_bayou_lake_a,
          serial_bayou_pond_e, serial_bayou_pond_b, serial_bayou_crossing,
          serial_shops, shop_statue, hangedman_decor_peaks_small,
          serial_bayou_lagoon_a
D:6:      layout_basic, demons_altar, minmay_temple_entry_from_below_b

Skill      XL: |  1  2  3  4  5  6 |
---------------+-------------------+-----
Axes           | 2 3 |  3.2
Dodging        | 2 3 |  3.3
Fighting       | 3 4 |  4.0
Stealth        | 5 |  5.5
Translocations | 1 |  1.3
Spellcasting   | 1 |  1.2

Action                   |  1- 3 |  4- 6 || total
-------------------------+-------+-------++-------
Melee: Hand axe          |   129 |   148 ||   277
       Punch             |     2 |     2 ||     4
       Dagger            |    41 |    17 ||    58
Throw: Dart              |       |     5 ||     5
Evoke: Wand              |       |    13 ||    13
  Use: Scroll            |     2 |    10 ||    12
       Potion            |     1 |     2 ||     3
 Stab: Sleeping          |    10 |     8 ||    18
       Invisible         |       |     1 ||     1
Armor: Leather armour    |    31 |    43 ||    74
       Skin              |       |     1 ||     1
Dodge: Dodged            |    99 |    96 ||   195
